 Dungeon Crawl Stone Soup version 0.31.0-12-g77e489cdc1 (webtiles) character file.

Game seed: 929291859738681021

7382 Szapik the Covert (level 11, 0/60 HPs)
             Began as a Vine Stalker Brigand on Feb 17, 2024.
             Was an Elder of Cheibriados.
             Slain by a killer bee (8 damage)
             ... on level 10 of the Dungeon.
             The game lasted 00:25:45 (8887 turns).

Szapik the Covert (Vine Stalker Brigand)            Turns: 8887, Time: 00:25:45

Health: 0/60       AC:  9    Str: 31    XL:     11   Next: 14%
Magic:  0/16       EV: 14    Int: 27    God:    Cheibriados [****..]
Gold:   527        SH:  0    Dex: 29    Spells: 13/16 levels left

rFire   . . .        a - +2 dagger (venom)
rCold   . . .        (no shield)
rNeg    . . .        f - +0 ring mail
rPois   .            u - +0 helmet
rElec   .            c - +1 cloak
rCorr   .            d - +0 pair of gloves
SInv    .            (no boots)
Will    +....        h - amulet of faith {!P}
Stlth   ++++         I - +6 ring of intelligence
HPRegen 1.10/turn    S - +6 ring of strength
MPRegen 0.15/turn

%: guardian spirit, faith
@: lethally poisoned (0 -> -11), very slow
A: fangs 3, regeneration 1, magic shield, antimagic bite, no potion heal 2
a: Renounce Religion, Bend Time, Temporal Distortion, Slouch


You were on level 10 of the Dungeon.
You worshipped Cheibriados.
Cheibriados was greatly pleased with you.
You visited 2 branches of the dungeon, and saw 11 of its levels.

You collected 527 gold pieces.


Innate Abilities, Weirdness & Mutations

You have razor-sharp teeth.
Your natural rate of healing is unusually fast.
When hurt, damage is shared between your health and your magic reserves.
Your bite disrupts and absorbs the magic of your enemies.
Potions cannot restore your health.


   Skills:
 + Level 8.6 Fighting
 - Level 6.0 Short Blades
 - Level 3.0 Throwing
 - Level 2.0 Armour
 - Level 3.0 Dodging
 - Level 9.0 Stealth
 - Level 3.0 Spellcasting
 - Level 8.0 Hexes
 - Level 5.0 Invocations


You had 13 spell levels left.
You knew the following spells:

 Your Spells              Type           Power      Damage    Failure   Level
c - Confusing Touch       Hex            47%        N/A       1%          3

Your spell library contained the following spells:

 Spells                   Type           Power      Damage    Failure   Level
 Slow                     Hex            100%       N/A       1%          1
 Sigil of Binding         Hex            47%        N/A       1%          3
 Inner Flame              Hex/Fire       25%        N/A       7%          3
 Kiss of Death            Conj/Necr      16%        2d6       12%         1
 Cigotuvi's Dreadful Rot  Necr/Alch/Air  8%         N/A       19%         2
 Gell's Gravitas          Tloc           4%         N/A       36%         3
 Teleport Other           Tloc           4%         N/A       36%         3
 Vampiric Draining        Necr           4%         2d6       36%         3
 Dispel Undead            Necr           4%         3d7       77%         4
 Flame Wave               Conj/Fire      4%         2d5       77%         4
 Ignite Poison            Fire/Alch      4%         N/A       77%         4
 Sticky Flame             Fire/Alch      4%         2d4       77%         4
 Freezing Cloud           Conj/Ice/Air   2%         6-21      98%         5
 Dispersal                Tloc           2%         N/A       100%        6

Inventory:

Hand Weapons
 a - a +2 dagger of venom (weapon)
Missiles
 e - 3 curare-tipped darts (quivered) {=f}
 o - 31 poisoned darts
 q - 2 darts of dispersal {=f}
 D - 5 atropa-tipped darts
Armour
 c - a +1 cloak (worn)
 d - a +0 pair of gloves (worn)
 f - a +0 ring mail (worn)
 u - a +0 helmet (worn)
Jewellery
 h - an amulet of faith (around neck) {!P}
 H - an amulet of magic regeneration
 I - a +6 ring of intelligence (left hand)
 S - a +6 ring of strength (right hand)
Talismans
 E - a serpent talisman
Wands
 w - a wand of light (10)
 y - a wand of mindburst (15)
 K - a wand of flame (8)
Scrolls
 b - a scroll of immolation
 i - 2 scrolls of blinking
 j - a scroll of revelation {unknown}
 m - 2 scrolls of poison
 p - a scroll of identify {unknown}
 s - 2 scrolls of enchant weapon {unknown}
 t - a scroll of teleportation {@r2}
 v - a scroll of enchant armour
 B - 2 scrolls of amnesia
 F - a scroll of vulnerability {unknown}
 G - a scroll of fog {unknown}
 J - a scroll of summoning {unknown}
Potions
 g - 2 potions of degeneration {unknown}
 k - 5 potions of enlightenment {unknown}
 l - a potion of cancellation {unknown}
 n - a potion of curing {unknown}
 r - 3 potions of mutation {unknown}
 x - 4 potions of lignification {unknown}
 z - 2 potions of ambrosia
 A - 3 potions of heal wounds {unknown}
 C - a potion of berserk rage {unknown}

Dungeon Overview and Level Annotations

Branches:
Dungeon (10/15)            Temple (1/1) D:6
   Lair: D:8-11         Orc: D:9-12

Altars:
Ashenzari
Cheibriados
Dithmenos
Elyvilon
Fedhas
Gozag
Hepliaklqana
Kikubaaqudgha
Makhleb
Okawaru
Qazlal
Ru
Sif Muna
Trog
Uskayaw
Vehumet
Wu Jian
Xom
Yredelemnul
Zin
The Shining One

#........####
........#####
.......###..#
........#...###
..........>...#
......###....##
#......###...#####
##.....# #.......#
.......# #....##@#
.........#######y#
.##......#


yy# # #..#...# !### ...##### †! .... !. ### You could see 3 killer bees.


Message History

You feel sick.
The killer bee stings you but does no damage.
The killer bee stings you.
You are more poisoned.
The killer bee poisons you!
You closely miss the killer bee. Your bite misses the killer bee.
The killer bee is heavily wounded.
You feel sick. The killer bee stings you.
* * * LOW HITPOINT WARNING * * *
You are more poisoned.
The killer bee poisons you! The killer bee stings you!
* * * LOW HITPOINT WARNING * * *
You miss the killer bee. Your bite misses the killer bee.
The killer bee is heavily wounded.
You feel sick. The killer bee misses you. The killer bee stings you.
* * * LOW HITPOINT WARNING * * *
Unknown command.
You hit the killer bee.
The killer bee looks as sick as possible!
The killer bee is severely wounded.
You feel sick. The killer bee barely misses you.
The killer bee stings you but does no damage.
Unknown command.
You barely miss the killer bee. Your bite misses the killer bee.
The killer bee is severely wounded.
You feel sick. The killer bee stings you!
* * * LOW HITPOINT WARNING * * *
You are lethally poisoned!
The killer bee poisons you! The killer bee stings you!
You die...

Skill      XL: |  1  2  3  4  5  6  7  8  9 10 11 |
---------------+----------------------------------+-----
Fighting       | 2 3 4 5 7 8 |  8.6
Stealth        | 5 6 9 |  9.0
Dodging        | 1 2 3 |  3.0
Short Blades   | 3 4 5 6 |  6.0
Throwing       | 2 3 |  3.0
Hexes          | 1 3 5 7 8 |  8.0
Spellcasting   | 1 3 |  3.0
Invocations    | 2 5 |  5.0
Armour         | 2 |  2.0

Action                     |  1- 3 |  4- 6 |  7- 9 | 10-12 || total
---------------------------+-------+-------+-------+-------++-------
  Melee: Dagger            |    94 |   138 |   281 |   242 ||   755
         Bite              |    20 |    33 |    98 |   101 ||   252
         Punch             |       |       |     6 |     6 ||    12
  Throw: Dart              |     5 |    31 |    53 |    11 ||   100
   Cast: Confusing Touch   |       |       |     9 |    16 ||    25
 Invoke: Slouch            |       |       |       |     2 ||     2
    Use: Scroll            |       |     1 |     5 |       ||     6
   Stab: Sleeping          |     4 |     9 |     7 |     1 ||    21
         Distracted        |       |     1 |       |       ||     1
         Confused          |       |       |     8 |    14 ||    22
 Armour: Robe              |    26 |       |       |       ||    26
         Ring mail         |    32 |    69 |   177 |   161 ||   439
  Dodge: Dodged            |    65 |    47 |   138 |   116 ||   366

Levels and vault maps discovered:
D:1:      kilobyte_arrival_exit_the_forest, layout_rooms,
          ebering_ecumenical_altar_abandoned, minmay_misc_feat_x
D:2:      layout_basic, nicolae_concentric_dashed_squares_wild,
          minmay_joined_circles
D:3:      layout_basic
D:4:      layout_loops_ring, hangedman_abyss_or_decor_passed,
          grunt_ministairs_13, uniq_robin
D:5:      layout_rooms, uniq_edmund, uniq_eustachio
D:6:      layout_basic, minmay_temple_entry_enclosed_plants
D:7:      layout_gridville, mainiacjoe_overflow_small_starburst,
          nicolae_sif_muna_little_library, uniq_joseph
D:8:      layout_rooms, kennysheep_okawaru_gauntlet, kennysheep_generic_room_4
D:9:      layout_roguey, chequers_temple_overflow_minitemple
D:10:     layout_cave_pools, old_standard_altar,
          mainiacjoe_overflow_surrounded_room, david_lair_shrubbed, special_room
          [special_room_bee]
Temple:   nicolae_temple_god_jail

Notes
Turn   | Place    | Note
-------+----------+-------------------------------------------
     0 | D:1      | Szapik the Vine Stalker Brigand began the quest for the
                  | Orb.
     0 | D:1      | Reached XP level 1. HP: 11/11 MP: 2/2
   101 | D:1      | Reached skill level 2 in Fighting
   124 | D:1      | Reached skill level 5 in Stealth
   124 | D:1      | Reached skill level 1 in Dodging
   131 | D:1      | Reached XP level 2. HP: 15/15 MP: 3/3
   210 | D:1      | Found a faded altar of an unknown god.
   382 | D:1      | Reached skill level 2 in Dodging
   494 | D:1      | Reached XP level 3. HP: 18/18 MP: 4/4
  1158 | D:2      | Reached skill level 3 in Fighting
  1158 | D:2      | Reached XP level 4. HP: 16/24 MP: 5/5
  1185 | D:2      | Reached skill level 2 in Short Blades
  1848 | D:3      | Reached skill level 3 in Short Blades
  1872 | D:3      | Reached XP level 5. HP: 28/28 MP: 6/6
  2263 | D:3      | Reached skill level 4 in Fighting
  2414 | D:3      | Reached skill level 2 in Throwing
  2523 | D:3      | Learned a level 3 spell: Confusing Touch
  2666 | D:4      | Reached skill level 1 in Hexes
  2666 | D:4      | Reached XP level 6. HP: 31/33 MP: 7/7
  2869 | D:4      | Reached skill level 3 in Throwing
  2869 | D:4      | Reached skill level 2 in Hexes
  3097 | D:4      | Reached skill level 3 in Hexes
  3097 | D:4      | Reached XP level 7. HP: 16/37 MP: 5/8
  3351 | D:4      | Noticed Robin
  3383 | D:4      | Killed Robin
  3636 | D:4      | Reached skill level 4 in Hexes
  3806 | D:5      | Entered Level 5 of the Dungeon
  3806 | D:5      | Noticed Edmund
  3824 | D:5      | Killed Edmund
  3825 | D:5      | Reached skill level 4 in Short Blades
  3983 | D:5      | Noticed Eustachio
  4011 | D:5      | Killed Eustachio
  4012 | D:5      | Reached skill level 5 in Hexes
  4012 | D:5      | Gained mutation: You have razor-sharp teeth. [Vine Stalker
                  | growth]
  4012 | D:5      | Reached XP level 8. HP: 20/42 MP: 1/9
  4117 | D:5      | Reached skill level 6 in Hexes
  4117 | D:5      | Reached skill level 1 in Spellcasting
  4344 | D:5      | Noticed a hornet
  4363 | D:5      | Killed a hornet
  4364 | D:5      | Reached skill level 6 in Stealth
  5130 | D:6      | Reached skill level 7 in Hexes
  5343 | D:6      | Found a staircase to the Ecumenical Temple.
  5349 | Temple   | Entered the Ecumenical Temple
  5369 | Temple   | Became a worshipper of Cheibriados the Contemplative
  5689 | D:7      | Reached skill level 1 in Invocations
  6043 | D:7      | Found a hide-covered altar of Uskayaw.
  6070 | D:7      | Found a shimmering blue altar of Sif Muna.
  6133 | D:7      | Reached skill level 5 in Fighting
  6133 | D:7      | Reached skill level 2 in Invocations
  6161 | D:7      | Reached XP level 9. HP: 47/47 MP: 11/11
  6272 | D:7      | You fall into a shaft and drop 1 floor!
  6346 | D:7      | Reached * piety under Cheibriados
  6411 | D:7      | Reached skill level 3 in Invocations
  6440 | D:7      | Reached skill level 4 in Invocations
  6866 | D:7      | Noticed Joseph
  6884 | D:7      | Killed Joseph
  6885 | D:7      | Reached skill level 5 in Invocations
  6885 | D:7      | Reached skill level 7 in Stealth
  7099 | D:8      | Found an iron altar of Okawaru.
  7215 | D:8      | Reached ** piety under Cheibriados
  7216 | D:8      | Reached skill level 5 in Short Blades
  7237 | D:8      | Reached skill level 3 in Dodging
  7242 | D:8      | Reached skill level 8 in Stealth
  7289 | D:8      | Reached skill level 9 in Stealth
  7387 | D:8      | Reached XP level 10. HP: 50/51 MP: 14/14
  7599 | D:9      | Noticed a purple ugly thing
  7609 | D:9      | Killed a purple ugly thing
  7610 | D:9      | Reached skill level 8 in Hexes
  7646 | D:9      | Noticed a boulder beetle
  7682 | D:9      | Killed a boulder beetle
  7683 | D:9      | Reached skill level 6 in Fighting
  7826 | D:9      | Reached *** piety under Cheibriados
  7835 | D:9      | Reached skill level 7 in Fighting
  7918 | D:9      | Reached skill level 1 in Armour
  8019 | D:9      | Reached skill level 2 in Armour
  8023 | D:9      | Reached skill level 2 in Spellcasting
  8049 | D:9      | Reached skill level 3 in Spellcasting
  8109 | D:9      | Reached **** piety under Cheibriados
  8320 | D:9      | Found a faded altar of an unknown god.
  8320 | D:9      | Found a glowing golden altar of the Shining One.
  8328 | D:9      | Found a stormy altar of Qazlal.
  8330 | D:9      | Found a glowing silver altar of Zin.
  8332 | D:9      | Found a shadowy altar of Dithmenos.
  8513 | D:10     | Entered Level 10 of the Dungeon
  8513 | D:10     | Noticed a gargoyle
  8522 | D:10     | Killed a gargoyle
  8523 | D:10     | Reached skill level 6 in Short Blades
  8626 | D:10     | Found a blossoming altar of Fedhas.
  8700 | D:10     | Killed an unseen horror
  8701 | D:10     | Reached XP level 11. HP: 16/59 MP: 3/16
  8864 | D:10     | Reached ***** piety under Cheibriados
  8871 | D:10     | Reached skill level 8 in Fighting
  8887 | D:10     | Slain by a killer bee

Vanquished Creatures
  A boulder beetle (D:9)
  An ugly thing (D:9)
  Joseph (D:7)
  An unseen horror (D:10)
  A gargoyle (D:10)
  A queen bee (D:10)
  A hornet (D:5)
  A wyvern (D:9)
  Eustachio (D:5)
  9 yaks
  Edmund (D:5)
  4 orc warriors
  2 black bears (D:5)
  An ice beast (D:7)
  A sky beast (D:7)
  An ogre (D:4)
  5 centaurs
  A kobold brigand (D:10)
  A bullfrog (D:8)
  5 scorpions
  19 killer bees
  2 howler monkeys (D:8)
  A bombardier beetle (D:4)
  A hound (D:7)
  4 orc priests
  A jelly (D:7)
  A sleepcap (D:6)
  7 orc wizards
  4 iguanas
  Robin (D:4)
  7 gnolls
  11 adders
  A shadow imp (D:6)
  4 ufetubi (D:6)
  A dart slug (D:4)
  36 orcs
  12 bats
  11 endoplasms
  A giant cockroach (D:2)
  14 goblins
  10 hobgoblins
  4 quokkas
  10 ball pythons
  3 frilled lizards
  13 kobolds
  9 rats
228 creatures vanquished.

Table legend: (Time is in decaauts)
 A = Elapsed time spent in this place.
 B = Non-inter-level travel time spent in this place.
 C = Inter-level travel time spent in this place.
 D = Time resting spent in this place.
 E = Time spent auto-exploring this place.
 F = Levels seen in this place.
 G = Mean time per level.
                   A        B        C        D        E       F      G
               +--------+--------+--------+--------+--------+-----+--------+
         Total |   9683 |   9313 |    370 |   1789 |   5663 |  11 |  880.3 |
       Dungeon |   9640 |   9311 |    329 |   1789 |   5663 |  10 |  964.0 |
        Temple |     43 |      3 |     40 |      0 |      0 |   1 |   43.0 |
               +--------+--------+--------+--------+--------+-----+--------+

Top non-repeatable levels by time:
     D:9: 1344 daAuts
     D:6: 1248 daAuts
     D:7: 1198 daAuts
     D:4: 1134 daAuts
     D:1: 933 daAuts
     D:2: 875 daAuts
     D:5: 866 daAuts
     D:3: 829 daAuts
     D:8: 789 daAuts
    D:10: 421 daAuts
  Temple: 43 daAuts

Table legend:
 A = Non-vault XP
 B = Vault XP
 C = Vault XP percentage of total XP
 D = Non-vault monster count
 E = Vault monster count
 F = Vault count percentage of total count
                 A         B        C        D         E       F
            +---------+---------+-------+---------+---------+-------
      Total |    8244 |    2302 |  21.8 |     182 |      46 |  20.2
            +---------+---------+-------+---------+---------+-------
        D:1 |      40 |       0 |   0.0 |      27 |       0 |   0.0
        D:2 |      86 |      33 |  27.7 |      14 |      14 |  50.0
        D:3 |     137 |       0 |   0.0 |      23 |       0 |   0.0
        D:4 |     397 |     117 |  22.8 |      15 |      10 |  40.0
        D:5 |     652 |     359 |  35.5 |      11 |       2 |  15.4
        D:6 |     295 |       0 |   0.0 |      13 |       0 |   0.0
        D:7 |     677 |     466 |  40.8 |      12 |       1 |   7.7
        D:8 |    1495 |     111 |   6.9 |      21 |       3 |  12.5
        D:9 |    3507 |       0 |   0.0 |      33 |       0 |   0.0
       D:10 |     958 |    1216 |  55.9 |      13 |      16 |  55.2
            +---------+---------+-------+---------+---------+-------
